 Dungeon Crawl Stone Soup version 0.22-a0-284-g99d1f74 (webtiles) character file.

107 MatthieuS the Insei (level 5, -3/41 HPs)
             Began as a Human Monk on Mar 22, 2018.
             Slain by an orc
             ... wielding a +0 mace
              (4 damage)
             ... on level 3 of the Dungeon.
             The game lasted 00:05:58 (2344 turns).

MatthieuS the Insei (Human Monk)                    Turns: 2344, Time: 00:05:59

Health: -3/41      AC:  9    Str: 13    XL:     5   Next: 10%
Magic:  5/5        EV:  2    Int: 10    God:
Gold:   77         SH: 10    Dex: 15    Spells: 4/4 levels left

rFire    . . .     SeeInvis .     - Unarmed
rCold    . . .     Gourm    .   i - +0 large shield
rNeg     . . .     Faith    .   h - +0 chain mail
rPois    .         Spirit   .   (no helmet)
rElec    .         Reflect  .   f - +0 cloak
rCorr    .         Harm     .   (no gloves)
MR       .....                  (no boots)
Stlth    ..........             (no amulet)
HPRegen  0.13/turn              (no ring)
MPRegen  0.09/turn              (no ring)

@: no status effects
A: no striking features
a: no special abilities


You were on level 3 of the Dungeon.
You were hungry.

You visited 1 branch of the dungeon, and saw 4 of its levels.

You collected 77 gold pieces.

Inventory:

Hand Weapons
 w - a +0 blowgun
   (You took it off a kobold on level 3 of the Dungeon)
Missiles
 j - 23 poisoned needles
Armour
 f - a +0 cloak (worn)
   (You found it on level 2 of the Dungeon)
 g - a +0 ring mail
   (You found it on level 1 of the Dungeon)
 h - a +0 chain mail (worn)
   (You found it on level 2 of the Dungeon)
 i - a +0 large shield (worn)
   (You found it on level 3 of the Dungeon)
Scrolls
 c - a scroll of amnesia
Comestibles
 e - a ration


   Skills:
 + Level 3.5 Fighting
 + Level 1.5 Armour
 + Level 3.5 Dodging
 - Level 2.0 Stealth
 * Level 4.2 Unarmed Combat


You had 4 spell levels left.
You didn't know any spells.

Dungeon Overview and Level Annotations

Branches:
Dungeon (4/15)
 Temple: D:4-7

Altars:

Annotations:
D:4 Edmund


Message History

Your shield prevents you from hitting the jackal.
The jackal bites you but does no damage.
The jackal bites you.
* * * LOW HITPOINT WARNING * * *
You hit the jackal. You block the jackal's attack.
Your shield and chain mail prevent you from hitting the jackal.
The jackal bites you but does no damage.
You block the jackal's attack.
You hit the jackal but do no damage.
The jackal bites you but does no damage.
You block the jackal's attack.
The jackal bites you but does no damage.
There is a stone staircase leading down here.
The jackal bites you.
* * * LOW HITPOINT WARNING * * *
You climb downwards.
Edmund the Younger comes into view.
He is wielding a flail of holy wrath.
Edmund shouts!
Found 10 gold pieces and 2 black potions.
There is a stone staircase leading up here.
Your shield and chain mail prevent you from hitting the jackal.
You block the jackal's attack.
The jackal bites you but does no damage.
You closely miss the jackal. You block the jackal's attack.
You closely miss the jackal.
The jackal bites you but does no damage.
You block the jackal's attack. You block the jackal's attack.
You climb upwards.
The orc hits you but does no damage. The orc hits you with a mace.
* * * LOW HITPOINT WARNING * * *
There is a stone staircase leading down, spattered with blood here.
You hit the orc but do no damage. The orc barely misses you.
You block the orc's attack.
Unknown command.
You hit the orc. You block the orc's attack. x2
Your shield prevents you from hitting the orc.
You block the orc's attack. The orc hits you but does no damage.
Your shield and chain mail prevent you from hitting the orc.
You block the orc's attack. The orc hits you but does no damage.
Your chain mail prevents you from hitting the orc.
The orc hits you but does no damage.
You hit the orc. The orc barely misses you.
You hit the orc but do no damage. The orc hits you with a war axe!
* * * LOW HITPOINT WARNING * * *
You block the orc's attack.
You hit the orc but do no damage. You block the orc's attack. x2
You hit the orc but do no damage. You block the orc's attack.
The orc hits you with a mace.
You die...

.............###.#≈#.###..#
......#..........#≈#......#
.#####........###.#≈#.###..#
# ##.........#.#≈#.#...## #
#.........###≈###.### #
#..(..............# #
#..################ ##
##..###############
l##+##.)....)hho@oh.....
o.h......###############
#o......## ####...## #####


You could see 2 orcs and 3 jackals.

Vanquished Creatures
  A bullfrog skeleton (D:3)
  An adder (D:2)
  An ooze (D:3)
  3 dart slugs
  2 leopard geckos
  2 orcs (D:3)
  4 giant cockroaches (D:2)
  5 hobgoblins
  3 jackals (D:3)
  7 kobolds
  A quokka (D:2)
  A ball python (D:1)
  6 bats
  7 frilled lizards (D:2)
  3 goblins
  9 rats
56 creatures vanquished.

Notes
Turn   | Place    | Note
-------+----------+-------------------------------------------
     0 | D:1      | MatthieuS the Human Monk began the quest for the Orb.
     0 | D:1      | Reached XP level 1. HP: 18/18 MP: 1/1
   315 | D:1      | Reached XP level 2. HP: 15/24 MP: 2/2
   991 | D:2      | Reached XP level 3. HP: 25/29 MP: 3/3
  1024 | D:2      | Reached skill level 1 in Armour
  1587 | D:2      | Reached XP level 4. HP: 33/35 MP: 4/4
  2272 | D:3      | Reached skill level 4 in Unarmed Combat
  2299 | D:3      | Reached XP level 5. HP: 15/41 MP: 5/5
  2330 | D:4      | Noticed Edmund
  2342 | D:3      | HP: 1/41 [orc/war axe (7)]
  2344 | D:3      | Slain by an orc

Vault maps used:
D:1:      minmay_arrival_nine_rooms
D:2:      minmay_lizard_king
D:3:      first_ration, grunt_decor_cap, kennysheep_jessica_study
D:4:      serial_shops, kennysheep_mini, uniq_edmund, uniq_ijyb, uniq_eustachio

Skill      XL: |  1  2  3  4 |
---------------+-------------+-----
Armour         | 1 |  1.5
Unarmed Combat | 4 |  4.2
Fighting       | |  3.5
Dodging        | |  3.5
Stealth        | |  2.0

Action                   |  1- 3 |  4- 6 || total
-------------------------+-------+-------++-------
Melee: Unarmed           |   137 |    90 ||   227
       Punch             |     2 |       ||     2
  Use: Potion            |       |     3 ||     3
       Scroll            |       |     1 ||     1
  Eat: Chunk             |     2 |     2 ||     4
Armor: Robe              |     8 |       ||     8
       Ring mail         |    23 |       ||    23
       Chain mail        |    20 |    97 ||   117
Dodge: Dodged            |    89 |    28 ||   117
Block: Large shield      |       |    63 ||    63

Table legend:
 A = Spawn XP
 B = Non-spawn XP
 C = Spawn XP percentage of total XP
 D = Spawn monster count
 E = Non-spawn monster count
 F = Spawn count percentage of total count
 G = Total turns spent on level
                    A         B        C        D         E        F      G
               +---------+---------+-------+---------+---------+-------+---------
         Total |       0 |     153 |   0.0 |       0 |      56 |   0.0 |  2344
               +---------+---------+-------+---------+---------+-------+---------
           D:1 |       0 |      23 |   0.0 |       0 |      15 |   0.0 |   979
           D:2 |       0 |      57 |   0.0 |       0 |      28 |   0.0 |   948
           D:3 |       0 |      73 |   0.0 |       0 |      13 |   0.0 |   412
               +---------+---------+-------+---------+---------+-------+---------
